 Dungeon Crawl Stone Soup version 0.27-a0-445-gbe96e517c0 (webtiles) character file.

Game seed: 8851718290494392446

706841 Morbidden the Peltast (level 27, -6/217 HPs)
             Began as a Demonspawn Fighter on Feb 26, 2021.
             Was the Champion of Cheibriados.
             Splashed by an acid blob's acid (13 damage)
             ... on level 5 of the Pits of Slime on Feb 27, 2021.
             The game lasted 03:02:13 (94643 turns).

Morbidden the Peltast (Demonspawn Fighter)         Turns: 94643, Time: 03:02:14

Health: -6/217     AC: 28    Str: 34    XL:     27
Magic:  8/45       EV: 25    Int: 39    God:    Cheibriados [******]
Gold:   8841       SH: 43    Dex: 35    Spells: 46/62 levels left

rFire    + . .     SeeInvis .   a - +9 double sword (elec)
rCold    + . .     Faith    .   D - +0 tower shield
rNeg     + . .     Spirit   .   U - +0 gold dragon scales
rPois    +         Reflect  +   f - +2 helmet {Int+3}
rElec    +         Harm     .   R - +3 cloak of the Evening Star {rElec Dex+6}
rCorr    .         Rampage  .   g - +3 pair of gauntlets of War {Slay+5}
Will     ++++.                  (boots unavailable)
Stlth    ..........             n - amulet of reflection
HPRegen  0.46/turn              v - +4 ring of slaying
MPRegen  0.29/turn              Q - +4 ring of slaying

@: corroded, studying 3 skills, very slow
A: hooves 3, large bone plates 3, agile 1, deterioration 1, foul stench 3,
icemail 2, strong-willed 2, negative energy resistance 1, poison resistance, 50%
torment resistance, black mark, condensation shield
}: 3/15 runes: decaying, silver, gossamer
a: Renounce Religion, Bend Time, Temporal Distortion, Slouch, Step From Time


You were on level 5 of the Pits of Slime.
You worshipped Cheibriados.
Cheibriados was exalted by your worship.
You visited 13 branches of the dungeon, and saw 59 of its levels.
You visited the Abyss 1 time.
You also visited: Sewer, Gauntlet, Ice Cave, Wizlab and Desolation.

You collected 10095 gold pieces.
You spent 1254 gold pieces at shops.

Inventory:

Hand Weapons
 a - a +9 double sword of electrocution (weapon)
 u - a +7 dagger of freezing
Missiles
 o - 168 poisoned darts
 w - 17 javelins
 y - 36 curare-tipped darts
Armour
 f - a +2 helmet of intelligence (worn)
 g - the +3 pair of gauntlets of War (worn) {Slay+5}
   (You found it in the Desolation of Salt)

   It affects your accuracy and damage with ranged weapons and melee attacks
   (+5).
 A - +0 shadow dragon scales
 D - a +0 tower shield (worn)
 M - a +2 plate armour of cold resistance
 P - a +2 plate armour of fire resistance
 R - the +3 cloak of the Evening Star (worn) {rElec Dex+6}
   (You found it in a wizard's laboratory)

   It affects your dexterity (+6).
   It insulates you from electricity.
 U - +0 gold dragon scales (worn)
Jewellery
 k - the ring of Ganaod {Wiz rC+ MP+9}
   (You found it on level 4 of the Vaults)

   [ring of wizardry]

   It improves your spell success rate.
   It protects you from cold.
   It affects your magic capacity (+9).
 n - an amulet of reflection (around neck)
 v - a +4 ring of slaying (left hand)
 O - a ring of protection from cold
 Q - a +4 ring of slaying (right hand)
 T - an amulet of regeneration
 V - a ring of positive energy
 Y - a ring of protection from fire
Wands
 c - a wand of paralysis (35)
 i - a wand of digging (1)
 t - a wand of iceblast (40)
 C - a wand of acid (52)
 S - a wand of mindburst (78)
Scrolls
 b - 2 scrolls of blinking
 e - 14 scrolls of amnesia
 h - 40 scrolls of identify
 j - 18 scrolls of teleportation
 l - a scroll of silence
 q - 9 scrolls of fog
 z - 8 scrolls of immolation
 G - 9 scrolls of enchant armour
 X - a scroll of magic mapping
 Z - 3 scrolls of fear
Potions
 d - 5 potions of might
 m - 21 potions of curing
 r - 6 potions of resistance
 E - 3 potions of cancellation
 F - 3 potions of heal wounds
 H - a potion of brilliance
 K - 4 potions of magic
 L - 12 potions of flight
 N - 9 potions of mutation
 W - 6 potions of ambrosia
Miscellaneous
 p - a tin of tremorstones (inert)
 x - the horn of Geryon (inert)
 B - a phantom mirror
 I - a condenser vane (inert)
 J - a box of beasts (inert)


   Skills:
 + Level 17.8 Fighting
 - Level 6.5(12.6) Short Blades
 - Level 16.4(16.8) Long Blades
 - Level 2.9(3.0) Maces & Flails
 + Level 0.7(2.0) Staves
 + Level 3.3 Crossbows
 + Level 1.5 Throwing
 + Level 13.2 Armour
 + Level 15.9 Dodging
 + Level 3.0 Stealth
 + Level 19.0 Shields
 + Level 18.1 Spellcasting
 * Level 18.0 Necromancy
 + Level 13.9 Translocations
 * Level 15.5 Transmutations
 + Level 10.8 Air Magic
 + Level 16.3 Invocations
 + Level 10.6 Evocations


You had 46 spell levels left.
You knew the following spells:

 Your Spells              Type           Power        Failure   Level
a - Airstrike             Air            44%          2%          4
b - Manifold Assault      Tloc           97%          1%          4
z - Necromutation         Tmut/Necr      52%          85%         8

Your spell library contained the following spells:

 Spells                   Type           Power        Failure   Level
 Animate Skeleton         Necr           100%         0%          1
 Apportation              Tloc           100%         1%          1
 Beastly Appendage        Tmut           100%         1%          1
 Sting                    Tmut/Pois      100%         1%          1
 Blink                    Tloc           N/A          1%          2
 Corpse Rot               Necr/Air       N/A          1%          2
 Passwall                 Tmut/Erth      64%          1%          2
 Sublimation of Blood     Necr           54%          1%          2
 Swiftness                Air            88%          1%          2
 Gell's Gravitas          Tloc           48%          1%          3
 Lesser Beckoning         Tloc           48%          1%          3
 Teleport Other           Tloc           97%          1%          3
 Dispel Undead            Necr           100%         1%          4
 Passage of Golubria      Tloc           N/A          1%          4
 Agony                    Necr           100%         1%          5
 Excruciating Wounds      Necr           54%          1%          5
 Shock                    Conj/Air       100%         2%          1
 Poisonous Vapours        Pois/Air       100%         4%          2
 Portal Projectile        Hex/Tloc       100%         4%          3
 Hydra Form               Tmut           51%          6%          6
 Static Discharge         Conj/Air       67%          8%          3
 Ignite Poison            Fire/Tmut/Pois 66%          9%          3
 Ice Form                 Ice/Tmut       77%          10%         4
 Petrify                  Tmut/Erth      77%          10%         4
 Dispersal                Tloc           48%          12%         6
 Iskenderun's Mystic Bla  Conj/Tloc      74%          14%         4
 Mephitic Cloud           Conj/Pois/Air  59%          16%         3
 Corona                   Hex            38%          24%         1
 Foxfire                  Conj/Fire      100%         24%         1
 Freeze                   Ice            100%         24%         1
 Magic Dart               Conj           100%         24%         1
 Sandblast                Erth           70%          24%         1
 Summon Small Mammal      Summ           100%         24%         1
 Alistair's Intoxication  Tmut/Pois      51%          28%         5
 Irradiate                Conj/Tmut      38%          28%         5
 Yara's Violent Unravell  Hex/Tmut       38%          28%         5
 Dragon Form              Tmut           51%          34%         7
 Call Imp                 Summ           35%          36%         2
 Ensorcelled Hibernation  Hex/Ice        70%          36%         2
 Searing Ray              Conj           70%          36%         2
 Slow                     Hex            35%          36%         2
 Summon Forest            Summ/Tloc      37%          36%         5
 Confusing Touch          Hex            35%          58%         3
 Conjure Flame            Conj/Fire      35%          58%         3
 Dazzling Flash           Conj/Hex       70%          58%         3
 Frozen Ramparts          Ice            70%          58%         3
 Inner Flame              Hex/Fire       35%          58%         3
 Ozocubu's Armour         Ice            35%          58%         3
 Stone Arrow              Conj/Erth      70%          58%         3
 Lightning Bolt           Conj/Air       33%          58%         5
 Simulacrum               Ice/Necr       41%          67%         6
 Borgnjor's Revivificati  Necr           54%          67%         8
 Infestation              Necr           54%          67%         8
 Eringya's Noxious Bog    Tmut/Pois      38%          83%         6
 Statue Form              Tmut/Erth      51%          83%         6
 Animate Armour           Summ/Erth      70%          94%         4
 Cause Fear               Hex            17%          94%         4
 Fulminant Prism          Conj/Hex       17%          94%         4
 Hailstorm                Conj/Ice       35%          94%         4
 Leda's Liquefaction      Hex/Erth       17%          94%         4
 Olgreb's Toxic Radiance  Pois           35%          94%         4
 Sticky Flame             Conj/Fire      35%          94%         4
 Summon Ice Beast         Ice/Summ       35%          94%         4
 Haunt                    Necr/Summ      41%          99%         7
 Disjunction              Tloc           48%          99%         8
 Bolt of Magma            Conj/Fire/Erth 17%          100%        5
 Fireball                 Conj/Fire      17%          100%        5
 Lee's Rapid Deconstruct  Erth           17%          100%        5
 Metabolic Englaciation   Hex/Ice        17%          100%        5
 Summon Mana Viper        Hex/Summ       35%          100%        5
 Freezing Cloud           Conj/Ice/Air   29%          100%        6
 Iron Shot                Conj/Erth      17%          100%        6
 Shadow Creatures         Summ           N/A          100%        6
 Malign Gateway           Summ/Tloc      37%          100%        7
 Monstrous Menagerie      Summ           17%          100%        7
 Ozocubu's Refrigeration  Ice            17%          100%        7
 Summon Hydra             Summ           17%          100%        7
 Ignition                 Fire           17%          100%        8
 Summon Horrible Things   Summ           17%          100%        8
 Death's Door             Necr           54%          100%        9
 Dragon's Call            Summ           17%          100%        9
 Shatter                  Erth           17%          100%        9
 Tornado                  Air            44%          100%        9


Dungeon Overview and Level Annotations

Branches:
Dungeon (15/15)            Temple (1/1) D:6            Lair (6/6) D:10
  Swamp (4/4) Lair:4       Spider (4/4) Lair:4        Slime (5/5) Lair:5
    Orc (2/2) D:12            Elf (3/3) Orc:2        Vaults (5/5) D:13
  Crypt (3/3) Vaults:2     Depths (5/5) D:15           Hell (visited)
    Dis (0/7) Hell            Geh (0/7) Hell            Coc (0/7) Hell
    Tar (0/7) Hell            Zot (5/5) Depths:5      Sewer (visited)
  IceCv (visited)          WizLab (visited)         Desolation (visited)
Gauntlet (visited)
   Tomb: Crypt:3

Altars:
Ashenzari
Cheibriados
Dithmenos
Fedhas
Gozag
Hepliaklqana
Kikubaaqudgha
Makhleb
Nemelex Xobeh
Okawaru
Qazlal
Ru
Sif Muna
Trog
Uskayaw
Vehumet
Wu Jian
Xom
Yredelemnul
Zin
The Shining One
Jiyva

Shops:
D:12 [   D:14 !   Orc:2 [[((   Vaults:5 !?   Depths:5 [

Portals:
Hell: Depths:1 Depths:2 Depths:3 Depths:4 Depths:5
Abyss: Depths:4
Pandemonium: Depths:3
Ziggurat: Depths:3

Annotations:
D:4 1 runed translucent door, Zero's ghost, amateur SpSu
D:14 2 runed translucent doors, Tickuti's ghost, journeyman MfVM
Swamp:1 1 runed translucent door, rupin's ghost, journeyman OpDe
Swamp:3 1 runed translucent door, Xylaz's ghost, adept GrFi
Spider:1 Roxanne
Vaults:4 3 runed doors, Jihiargh's ghost, adept HOFi; Lel Raxe's ghost, adept MiFi; Qeott's ghost, adept GnCj
Depths:4 6 runed translucent doors
Zot:5 1 exclusion


Innate Abilities, Weirdness & Mutations

You have hooves in place of feet.
You are completely covered in large bone plates. (SH +8)
You frequently emit foul miasma when damaged in melee.
A meltable icy envelope protects you from harm. (AC +8)
You resist negative energy. (rN+)
You are somewhat able to resist unholy torments (1 in 2 success).
Your melee attacks may debilitate your foes.
A meltable shield of frost defends you. (SH +4)
You are agile. (Dex +2)
Your body sometimes deteriorates upon taking damage.
You are highly strong-willed. (Will++)
Your system is resistant to poisons. (rPois)


Message History

Casting: Manifold Assault (mildly dangerous; 1% risk of failure)
Confirm with . or Enter, or press ? or * to list all spells.
Space momentarily warps into an impossible shape!
Your shield prevents you from hitting the acid blob.
The acid blob spits acid at you. The splash of acid misses you.
Unknown command.
Casting: Manifold Assault (mildly dangerous; 1% risk of failure)
Confirm with . or Enter, or press ? or * to list all spells.
Space momentarily warps into an impossible shape!
You slice the acid blob!! The acid blob spits acid at you.
The splash of acid hits you!
* * * LOW HITPOINT WARNING * * *
The acid corrodes you!
You are splashed with acid!
* * * LOW HITPOINT WARNING * * *
Unknown command.
Unknown command.
Unknown command.
Unknown command.
Unknown command.
Okay, then.
You feel much better.
Unknown command.
Unknown command.
Aiming: Iceblast
Press: ? - help, Shift-Dir - straight line, f - acid blob
Aim: an acid blob (lightly wounded)
The mass of ice explodes!
The iceblast engulfs the acid blob!!
The acid blob is heavily wounded.
The acid blob spits acid at you. The splash of acid hits you.
* * * LOW HITPOINT WARNING * * *
The acid corrodes you!
You are splashed with acid!
* * * LOW HITPOINT WARNING * * *
The acid blob spits acid at you. The splash of acid hits you!
* * * LOW HITPOINT WARNING * * *
You are splashed with acid!
You die...

### #####..##### #.....#....#
###..........## .#
#.............#### ###
...###.......<.§......###..##
...#..........@.............##
.............°☼§.............#
............................###
...............................
...............^...............
...................J...........
...............................
...............................
.....^...........................


You could see an acid blob.

Vanquished Creatures
  the Royal Jelly (Slime:5)
  Dissolution (Slime:2)
  A dread lich (Zot:4)
  6 ancient liches
  2 orbs of fire
  2 juggernauts
  Sojobo (Vaults:2)
  Frederick (Vaults:2)
  3 Killer Klowns
  A caustic shrike (Depths:3)
  2 curse toes
  Geryon (Hell)
  10 golden dragons
  Nikola (Spider:4)
  Arachne (Spider:4)
  4 bone dragons
  An electric golem (Zot:1)
  13 tentacled monstrosities
  6 liches
  Jorgrun (Orc:1)
  5 Orb Guardians (Zot:5)
  Asterion (Spider:4)
  2 deep elf blademasters
  A deep elf master archer (Elf:3)
  2 titans
  27 acid blobs
  7 death cobs
  8 quicksilver dragons
  5 sphinxes
  4 ancient champions
  3 tentacled starspawn (Abyss:2)
  8 storm dragons
  An eldritch tentacle (WizLab)
  Kirke (Swamp:3)
  6 shadow dragons
  5 draconian monks
  3 thorn hunters
  Donald (Lair:4)
  12 tengu reavers
  18 azure jellies
  14 frost giants
  A revenant (Crypt:2)
  7 fire giants
  17 vault wardens
  8 draconian knights
  6 ghost moths
  6 draconian scorchers
  3 iron dragons
  7 deep elf sorcerers
  Louise (Swamp:4)
  2 juggernaut zombies
  5 draconian stormcallers
  8 deep elf elementalists
  4 draconian shifters
  3 balrugs
  4 emperor scorpions
  2 imperial myrmidons (Desolation)
  Aizul (Spider:2)
  2 curse skulls
  An angel (WizLab)
  8 reapers
  17 very ugly things
  10 draconian annihilators
  11 ironheart preservers
  10 ghouls
  24 stone giants
  A war gargoyle (Hell)
  2 spriggan defenders
  12 black draconians
  9 vampire knights
  16 yellow draconians
  11 green draconians
  12 white draconians
  2 entropy weavers
  5 deep elf demonologists
  2 halazid warlocks (Desolation)
  12 purple draconians
  A minotaur (Gauntlet)
  3 spark wasps (Spider:4)
  5 bunyips
  5 deep elf annihilators
  13 red draconians
  11 ettins
  8 deep elf death magi
  A crystal guardian (Vaults:4)
  An eidolon (Crypt:3)
  A blizzard demon (Gauntlet)
  11 death oozes
  3 eleionomae
  12 fire dragons
  Snorg (D:12)
  8 great orbs of eyes
  5 shambling mangroves
  8 boulder beetles
  2 rakshasas
  23 yaktaur captains
  6 deep elf high priests
  11 jiangshi
  12 ragged hierophants (Desolation)
  10 ice dragons
  32 vault guards
  8 servants of whispers (Desolation)
  5 spriggan air magi
  24 hydras
  A ghost crab (Swamp:4)
  10 peacekeepers (Desolation)
  15 ogre magi
  11 centaur warriors
  2 quicksilver dragon skeletons
  3 death knights
  3 catoblepae
  An alligator (shapeshifter) (Vaults:5)
  23 dancing weapons
  51 two-headed ogres
  2 tengu warriors
  6 alligators
  6 deep troll shamans
  13 death yaks
  7 vampire magi
  10 deep troll earth magi
  14 spriggan berserkers
  A thrashing horror (WizLab)
  3 hell hogs (Hell)
  4 soul eaters
  An orc high priest (Orc:1)
  18 deep elf knights
  2 storm dragon zombies (Crypt:2)
  An iron golem (Hell)
  13 hell knights
  8 sun demons
  5 shadow wraiths
  A fire crab (Gauntlet)
  3 iron trolls
  A fire crab (shapeshifter) (Vaults:5)
  4 goliath frogs
  14 skeletal warriors
  A sixfirhy (Abyss:2)
  2 anaconda zombies (Hell)
  A storm dragon skeleton (Hell)
  38 deep trolls
  A spark wasp zombie (Hell)
  4 flayed ghosts
  A bunyip zombie (Crypt:2)
  A ghost moth zombie (Crypt:3)
  3 unseen horrors
  3 spriggan druids
  13 deep elf archers
  6 swamp dragons
  6 glowing orange brains
  A spatial maelstrom (Abyss:2)
  6 bog bodies
  A swamp dragon (shapeshifter) (Depths:4)
  17 ironbrand convokers
  An anaconda skeleton (Hell)
  8 necromancers
  An obsidian statue (WizLab)
  14 orc knights
  4 wizards
  8 phantasmal warriors
  8 harpies
  16 orb spiders
  29 deep elf zephyrmancers
  A lindwurm (shapeshifter) (Vaults:4)
  A tengu zombie (Hell)
  35 wolf spiders
  33 deep elf pyromancers
  54 ugly things
  A human zombie (Vaults:4)
  4 frost giant zombies (Hell)
  6 shining eyes
  A sphinx skeleton (Vaults:4)
  A will-o-the-wisp (Swamp:3)
  3 oklob plants
  A stone giant zombie (Hell)
  2 orc sorcerers
  A tengu skeleton (Vaults:4)
  8 cyclopes
  35 moths of wrath
  2 worldbinders (WizLab)
  2 frost giant skeletons
  3 guardian serpents (Desolation)
  An ice statue (IceCv)
  A black mamba (shapeshifter) (Depths:3)
  A fire giant skeleton (Depths:1)
  4 black mambas
  9 elephants
  3 smoke demons
  A water nymph (shapeshifter) (Vaults:5)
  3 stone giant skeletons
  A torpor snail (shapeshifter) (Vaults:2)
  3 rust devils (Hell)
  7 molten gargoyles
  17 vault sentinels
  A dire elephant zombie (Hell)
  Joseph (D:7)
  5 torpor snails
  2 orange demons
  A titan simulacrum (Depths:4)
  3 yaktaur zombies
  A pale draconian zombie (Crypt:1)
  A kobold demonologist (D:15)
  A storm dragon simulacrum (Vaults:2)
  2 rime drakes
  2 eyes of devastation
  A spriggan zombie (Hell)
  25 cane toads
  A cane toad (shapeshifter) (Vaults:3)
  2 spriggan skeletons (Depths:4)
  A gargoyle (D:15)
  A purple draconian zombie (Crypt:2)
  3 efreet (Abyss:2)
  2 hellions
  69 yaktaurs
  8 freezing wraiths
  4 centaur skeletons
  A rime drake (shapeshifter) (Vaults:2)
  10 komodo dragons
  10 red devils
  An anaconda simulacrum (Hell)
  21 demonic crawlers
  8 guardian mummies (Crypt:3)
  2 tengu conjurers
  An ancient zyme (WizLab)
  A death yak skeleton (Crypt:3)
  8 ice devils
  A hydra zombie (Hell)
  A silent spectre (Depths:2)
  A pale draconian skeleton (Crypt:1)
  3 hellwings
  2 meliai
  6 trolls
  28 jumping spiders
  2 trolls (shapeshifter)
  An iron troll skeleton (Crypt:3)
  19 polar bears
  2 tengu simulacra
  A guardian serpent zombie (Crypt:3)
  15 tyrant leeches
  40 hornets
  A harpy skeleton (Crypt:2)
  2 hydra skeletons
  82 saltlings
  100 slime creatures
  An alligator zombie (Hell)
  A meliai zombie (D:15)
  6 dream sheep (Lair:6)
  36 blink frogs
  An ettin zombie (Crypt:2)
  A human simulacrum (Vaults:4)
  63 redbacks
  2 alligator skeletons
  19 spriggans
  5 air elementals
  A centaur simulacrum (D:14)
  4 flying skulls
  A satyr skeleton (Crypt:1)
  2 elf zombies
  16 starcursed masses (Abyss:2)
  37 tarantellas
  4 water elementals
  A ynoxinul (WizLab)
  2 shadows
  An ettin skeleton (Crypt:3)
  An elf simulacrum (Depths:4)
  7 wraiths
  A yak (shapeshifter) (D:14)
  51 yaks
  5 basilisks
  4 fire bats (Gauntlet)
  A black mamba skeleton (Crypt:3)
  A deep troll skeleton (WizLab)
  9 golden eyes
  10 wyverns
  4 hogs (Swamp:3)
  A neqoxec (Abyss:2)
  11 fire elementals
  A steam dragon (D:14)
  6 spatial vortices
  14 vampire mosquitoes
  7 wargs
  2 cane toad zombies (Hell)
  23 swamp worms
  3 acid dragons
  A naga (shapeshifter) (D:15)
  2 floating eyes
  6 hell hounds
  Duvessa (D:5)
  A water nymph zombie (Crypt:1)
  7 large abominations
  A monstrous demonspawn skeleton (Crypt:2)
  9 water moccasins
  2 merfolk skeletons
  An elephant zombie (Crypt:3)
  A cane toad skeleton (Hell)
  12 small abominations
  A meliai simulacrum (D:14)
  12 swamp drakes
  An eye of draining (shapeshifter) (Vaults:1)
  9 ice beasts
  24 orc warriors
  4 sky beasts
  8 eyes of draining
  6 necrophages
  A hornet zombie (D:9)
  47 ogres
  A blink frog zombie (Crypt:1)
  5 centaurs
  18 boggarts
  A wolf (shapeshifter) (Vaults:5)
  23 wolves
  An ogre (shapeshifter) (Depths:3)
  4 phantoms
  7 kobold brigands
  Blork the orc (D:4)
  25 bullfrogs
  3 earth elementals
  A wyvern zombie (D:13)
  A water moccasin skeleton (D:10)
  Dowan (D:5)
  5 scorpions
  A troll zombie (Crypt:1)
  A warg skeleton (Crypt:2)
  10 killer bees
  A yak skeleton (Crypt:1)
  A polar bear skeleton (Crypt:3)
  4 electric eels
  13 wights
  3 howler monkeys
  7 crimson imps
  7 hounds
  3 centaur zombies
  2 iron imps
  7 quasits
  A yaktaur simulacrum (Depths:1)
  2 bullfrog skeletons
  21 orc priests
  24 jellies
  9 iguanas
  26 orc wizards
  10 worker ants
  A dwarf zombie (Crypt:3)
  A hound zombie (Crypt:3)
  A hound skeleton (D:8)
  2 worker ant zombies
  8 adders
  7 gnolls
  A river rat (Sewer)
  A shadow imp (Orc:1)
  5 white imps
  5 ufetubi
  5 oozes
  8 worms
  A dart slug (D:5)
  5 leopard geckos
  105 orcs
  4 bats
  4 giant cockroaches
  9 goblins
  6 hobgoblins
  5 jackals
  28 kobolds
  8 quokkas
  4 ball pythons
  4 frilled lizards
  A leopard gecko skeleton (D:5)
  2 quokka zombies (D:6)
  13 rats
  A river rat zombie (Crypt:1)
  A briar patch (Swamp:2)
  A fire vortex (Elf:1)
  A lurking horror (WizLab)
  3 starspawn tentacles (Abyss:2)
2902 creatures vanquished.

Vanquished Creatures (collateral kills)
  An orb of fire (Zot:1)
  A Killer Klown (Zot:2)
  Saint Roka (Vaults:5)
  A lich (Depths:4)
  A storm dragon (Depths:4)
  2 draconian scorchers (Zot:1)
  A stone giant (Depths:2)
  A draconian annihilator (Zot:1)
  2 yellow draconians (Zot:2)
  A green draconian (Zot:1)
  2 red draconians (Zot:3)
  A black draconian (Zot:1)
  A white draconian (Zot:1)
  A spriggan berserker (Depths:2)
  A vault sentinel (Vaults:5)
  An ice devil (Hell)
  A troll (D:10)
  A hornet (D:10)
  An orc warrior (Vaults:5)
  A jelly (Zot:2)
23 creatures vanquished.

Vanquished Creatures (others)
  A lich (Depths:2)
  A draconian monk (Zot:4)
  A ghost moth (Zot:4)
  An entropy weaver (Spider:3)
  An ogre mage (Depths:2)
  A deep troll earth mage (Depths:2)
  A shadow wraith (Vaults:2)
  A swamp dragon (Swamp:4)
  A deep elf archer (Elf:2)
  3 deep elf zephyrmancers
  An orb spider (Spider:4)
  7 deep elf pyromancers
  A wolf spider (Spider:4)
  3 moths of wrath (Depths:2)
  A demonic crawler (Spider:4)
  A bloated husk (Swamp:1)
  A polar bear (IceCv)
  2 humans (Swamp:3)
  A swamp worm (Swamp:4)
  A swamp drake (Swamp:1)
  A boggart (WizLab)
  2 kobold brigands (Sewer)
  2 orcs (Orc:1)
  2 kobolds
  2 briar patches (Swamp:2)
  6 foxfires (Swamp:3)
  48 fungi
  133 plants
  6 starspawn tentacles (Abyss:2)
  4 withered plants (Vaults:4)
237 creatures vanquished.

Grand Total: 3162 creatures vanquished

Notes
Turn   | Place    | Note
-------+----------+-------------------------------------------
     0 | D:1      | Morbidden the Demonspawn Fighter began the quest for the
                  | Orb.
     0 | D:1      | Reached XP level 1. HP: 18/18 MP: 1/1
   182 | D:1      | Gained mutation: You may rarely emit foul miasma when
                  | damaged in melee. [demonic ancestry]
   182 | D:1      | Reached XP level 2. HP: 17/24 MP: 2/2
   517 | D:1      | Reached skill level 3 in Shields
   527 | D:1      | Gained mutation: You sometimes emit foul miasma when
                  | damaged in melee. [demonic ancestry]
   527 | D:1      | Reached XP level 3. HP: 20/29 MP: 3/3
  1340 | D:2      | Found a shimmering blue altar of Sif Muna.
  1507 | D:3      | Gained mutation: You have large cloven feet. [demonic
                  | ancestry]
  1507 | D:3      | Reached XP level 4. HP: 35/37 MP: 4/4
  1651 | D:3      | Reached skill level 1 in Maces & Flails
  1740 | D:3      | Found a shimmering altar of Xom.
  1744 | D:3      | Found a sparkling altar of Nemelex Xobeh.
  1757 | D:3      | Found a bloodstained altar of Trog.
  2042 | D:4      | Reached XP level 5. HP: 30/42 MP: 5/5
  2066 | D:4      | Found a glowing drain.
  2078 | Sewer    | Entered a sewer
  2218 | Sewer    | Reached skill level 1 in Dodging
  2606 | Sewer    | Reached skill level 4 in Shields
  2789 | Sewer    | Gained mutation: You are partially covered in large bone
                  | plates. (SH +4) [demonic ancestry]
  2789 | Sewer    | Reached XP level 6. HP: 46/48 MP: 6/6
  3389 | D:4      | Noticed Blork the orc
  3400 | D:4      | Killed Blork the orc
  3401 | D:4      | Reached XP level 7. HP: 45/54 MP: 7/7
  3466 | D:4      | Found a runed translucent door.
  3467 | D:4      | Noticed Zero's ghost (amateur SpSu)
  3672 | D:4      | Reached skill level 5 in Shields
  4460 | D:5      | Entered Level 5 of the Dungeon
  4539 | D:4      | Reached skill level 1 in Short Blades
  4884 | D:5      | Reached skill level 6 in Shields
  4884 | D:5      | Gained mutation: You have hoof-like feet. [demonic
                  | ancestry]
  4884 | D:5      | Reached XP level 8. HP: 47/61 MP: 8/8
  5041 | D:5      | Noticed Duvessa
  5042 | D:5      | Noticed Dowan
  5054 | D:5      | Killed Dowan
  5056 | D:5      | Killed Duvessa
  5673 | D:6      | Reached skill level 7 in Shields
  5806 | D:6      | Reached skill level 5 in Armour
  5871 | D:6      | Gained mutation: You are mostly covered in large bone
                  | plates. (SH +6) [demonic ancestry]
  5871 | D:6      | Reached XP level 9. HP: 58/66 MP: 9/9
  6093 | D:6      | Identified the +4 chain mail of Imif {Harm rElec rC+}
  6274 | D:6      | Found a staircase to the Ecumenical Temple.
  6356 | Temple   | Entered the Ecumenical Temple
  6413 | Temple   | Became a worshipper of Cheibriados the Contemplative
  6594 | D:7      | Reached skill level 1 in Crossbows
  6665 | D:7      | Found a shadowy altar of Dithmenos.
  6755 | D:7      | Reached * piety under Cheibriados
  6981 | D:7      | Noticed Joseph
  6994 | D:7      | Killed Joseph
  6995 | D:7      | Reached skill level 8 in Shields
  7359 | D:7      | Found an iron altar of Okawaru.
  7793 | D:8      | Reached skill level 1 in Stealth
  7938 | D:8      | Reached ** piety under Cheibriados
  7939 | D:8      | Reached skill level 1 in Invocations
  8042 | D:8      | Found a glowing golden altar of the Shining One.
  8158 | D:8      | Found a shadowy altar of Dithmenos.
  8468 | D:9      | Reached XP level 10. HP: 73/73 MP: 11/11
  8568 | D:9      | Reached *** piety under Cheibriados
  9080 | D:10     | Entered Level 10 of the Dungeon
  9088 | D:10     | Reached skill level 5 in Fighting
  9125 | D:10     | Reached skill level 9 in Shields
  9152 | D:10     | Noticed a two-headed ogre
  9161 | D:10     | Killed a two-headed ogre
  9162 | D:10     | Reached skill level 5 in Long Blades
  9419 | D:10     | Reached **** piety under Cheibriados
  9537 | D:10     | Found a staircase to the Lair.
  9719 | D:11     | Noticed a white ugly thing
  9728 | D:11     | Killed a white ugly thing
  9729 | D:11     | Reached skill level 5 in Invocations
  9729 | D:11     | Gained mutation: A meltable shield of frost defends you.
                  | (SH +4) [demonic ancestry]
  9729 | D:11     | Reached XP level 11. HP: 49/81 MP: 14/14
 10363 | D:11     | Reached skill level 1 in Spellcasting
 10445 | D:11     | Reached skill level 5 in Dodging
 10451 | D:11     | Reached skill level 5 in Short Blades
 10531 | D:11     | Reached skill level 10 in Shields
 10811 | D:12     | Reached ***** piety under Cheibriados
 10841 | D:12     | Found a staircase to the Orcish Mines.
 10897 | D:12     | Found Lifipini's Antique Armour Shoppe.
 10903 | D:12     | Bought a tower shield for 90 gold pieces
 10982 | D:12     | Noticed Snorg
 10992 | D:12     | Killed Snorg
 11086 | D:12     | Noticed an eight-headed hydra
 11091 | D:12     | Killed an eight-headed hydra
 11107 | D:12     | HP: 1/83 [orc priest/divine providence (16)]
 11531 | D:12     | Reached skill level 1 in Evocations
 11698 | D:12     | Noticed a wizard
 11709 | D:12     | Killed a wizard
 11710 | D:12     | Reached XP level 12. HP: 30/89 MP: 17/17
 12534 | D:12     | Learned a level 8 spell: Necromutation
 12776 | D:13     | Noticed a two-headed ogre
 12777 | D:13     | Noticed a two-headed ogre
 12777 | D:13     | Noticed a two-headed ogre
 12777 | D:13     | Noticed a two-headed ogre
 12777 | D:13     | Noticed an ogre mage
 12777 | D:13     | Noticed a two-headed ogre
 12787 | D:13     | Killed a two-headed ogre
 12787 | D:13     | Killed a two-headed ogre
 12787 | D:13     | Killed a two-headed ogre
 12787 | D:13     | Killed a two-headed ogre
 12787 | D:13     | Killed an ogre mage
 12788 | D:13     | Reached skill level 1 in Necromancy
 12788 | D:13     | Reached skill level 1 in Transmutations
 12790 | D:13     | Killed a two-headed ogre
 13187 | D:13     | Noticed a vault guard
 13275 | D:13     | Noticed a vault guard
 13291 | D:12     | Killed a vault guard
 13583 | D:13     | Killed a vault guard
 13597 | D:13     | Noticed a vault guard
 13612 | D:13     | Killed a vault guard
 13738 | D:13     | Found a gate to the Vaults.
 13837 | D:13     | Reached skill level 11 in Shields
 13868 | D:13     | Noticed a vault guard
 13881 | D:13     | Killed a vault guard
 13911 | D:13     | HP: 2/91 [cyan ugly thing (17)]
 14585 | D:13     | Noticed a five-headed hydra
 14591 | D:13     | Killed a three-headed hydra
 14592 | D:13     | Gained mutation: You are completely covered in large bone
                  | plates. (SH +8) [demonic ancestry]
 14592 | D:13     | Reached XP level 13. HP: 70/96 MP: 19/19
 15242 | D:14     | Found Ymonyexe's Distillery.
 15271 | D:14     | Found a frozen archway.
 15275 | IceCv    | Entered an ice cave
 16610 | IceCv    | Identified a scroll of acquirement
 16610 | IceCv    | Acquired a manual of Invocations
 17010 | IceCv    | Noticed a frost giant
 17022 | IceCv    | Killed a frost giant
 17023 | IceCv    | Reached skill level 10 in Invocations
 17044 | IceCv    | Found the +3 robe of Folly {Archmagi, Will-- Int+5}
 17064 | IceCv    | Identified Sif Muna's Handbook of the Glacier
 17069 | IceCv    | Identified the +3 robe "Urosm" {rPois Str+2}
 17202 | D:14     | Reached skill level 5 in Spellcasting
 17239 | D:14     | Reached skill level 5 in Necromancy
 17337 | D:14     | Found a large runed translucent door.
 17355 | D:14     | Identified the +0 scale mail "Eblus" {rPois}
 17538 | D:14     | Gained mutation: You have hooves in place of feet. [demonic
                  | ancestry]
 17538 | D:14     | Reached XP level 14. HP: 37/105 MP: 15/21
 18410 | D:14     | Found a large runed translucent door.
 18410 | D:14     | Noticed Tickuti's ghost (journeyman MfVM)
 18633 | D:15     | Entered Level 15 of the Dungeon
 19330 | D:15     | Found a staircase to the Depths.
 19942 | Lair:1   | Entered Level 1 of the Lair of Beasts
 19950 | Lair:1   | Reached skill level 5 in Transmutations
 20119 | Lair:1   | Reached ****** piety under Cheibriados
 22190 | Lair:3   | Identified the +7 dagger of Imminent Death {vorpal, +Rage
                  | rPois Str+2 SInv}
 22422 | Lair:3   | Reached skill level 12 in Shields
 23153 | Lair:4   | Found a hole to the Spider Nest.
 23423 | Lair:4   | Found a staircase to the Swamp.
 24327 | Lair:5   | Acquired 844 gold pieces
 24546 | Lair:5   | Found a runed translucent door.
 24549 | Lair:5   | Found a viscous altar of Jiyva.
 24558 | Lair:5   | Found a staircase to the Slime Pits.
 24559 | Lair:5   | Noticed an acid blob
 24671 | Lair:5   | Gained mutation: A meltable icy envelope protects you from
                  | harm. (AC +8) [demonic ancestry]
 24671 | Lair:5   | Reached XP level 15. HP: 113/113 MP: 24/24
 25155 | Lair:6   | Entered Level 6 of the Lair of Beasts
 25294 | Lair:6   | Reached skill level 10 in Long Blades
 25334 | Lair:6   | Found a gate leading to a gauntlet.
 25344 | Gauntlet | Entered a Gauntlet
 25344 | Gauntlet | Found a transporter.
 25344 | Gauntlet | Found a transporter.
 25402 | Gauntlet | Found a transporter.
 25402 | Gauntlet | Found a transporter.
 25422 | Gauntlet | Found a transporter.
 25422 | Gauntlet | Found a transporter.
 25440 | Gauntlet | Found a transporter.
 25448 | Gauntlet | Found a transporter.
 25457 | Gauntlet | Found a transporter.
 25460 | Gauntlet | Found a transporter.
 25478 | Gauntlet | Found a transporter.
 25502 | Gauntlet | Found a transporter.
 25536 | Gauntlet | Found a transporter.
 25550 | Gauntlet | Found a transporter.
 25651 | Gauntlet | Found a transporter.
 25673 | Gauntlet | Found a transporter.
 25805 | Gauntlet | Identified the ring "Tonoa" {rN+ MP+9}
 26021 | Gauntlet | Identified the +0 pair of gloves of the Crushed Lovers
                  | {Str+2}
 26090 | Gauntlet | Identified the +7 great sword of the Thing {vorpal, rPois
                  | rC- SInv}
 26966 | Lair:6   | Learned a level 4 spell: Airstrike
 27157 | Lair:6   | Reached skill level 1 in Air Magic
 27799 | Orc:1    | Entered Level 1 of the Orcish Mines
 27882 | Orc:1    | Noticed Jorgrun
 27895 | Orc:1    | Killed Jorgrun
 28418 | Orc:1    | Identified the +0 hat of Morality {rN+ Str+3 Stlth+}
 28742 | Orc:2    | Entered Level 2 of the Orcish Mines
 28893 | Orc:2    | Reached XP level 16. HP: 121/121 MP: 27/27
 29021 | Orc:2    | Found Mehiow's Weapon Boutique.
 29021 | Orc:2    | Found Measecw's Antique Armour Shoppe.
 29025 | Orc:2    | Found Apov's Weapon Shoppe.
 29025 | Orc:2    | Found Givo's Antique Armour Shop.
 29043 | Orc:2    | Reached skill level 10 in Fighting
 29048 | Orc:2    | Bought an ichor-stained plate armour for 728 gold pieces
 29048 | Orc:2    | Identified the +2 plate armour of Claustrophobia {Str+3}
                  | (You bought it in a shop on level 2 of the Orcish Mines)
 29130 | Orc:2    | Reached skill level 13 in Shields
 29301 | Orc:2    | Found a staircase to the Elven Halls.
 29739 | Spider:1 | Entered Level 1 of the Spider Nest
 30057 | Spider:1 | Identified Roxanne's Tome of Hedging
 30057 | Spider:1 | Noticed Roxanne
 30217 | Spider:2 | Noticed Aizul
 30237 | Spider:2 | Killed Aizul
 31450 | Spider:3 | Identified the +1 leather armour of Charity {*Corrode +Inv
                  | rPois}
 32321 | Spider:3 | Reached XP level 17. HP: 118/129 MP: 2/29
 32446 | Spider:3 | Identified the Grimoire of Poisonous Feathers
 33041 | Swamp:1  | Entered Level 1 of the Swamp
 33174 | Spider:4 | Entered Level 4 of the Spider Nest
 33174 | Spider:4 | Noticed Arachne
 33194 | Spider:4 | Killed Arachne
 33871 | Spider:4 | Noticed Asterion
 33885 | Spider:4 | Killed Asterion
 34008 | Spider:4 | Noticed Nikola
 34036 | Spider:4 | Killed Nikola
 34426 | Spider:4 | Reached skill level 1 in Throwing
 34671 | Spider:4 | Reached skill level 14 in Shields
 34751 | Spider:4 | Reached skill level 5 in Air Magic
 35554 | Spider:4 | Got a gossamer rune of Zot
 35746 | Swamp:1  | Noticed Donald
 35776 | Lair:4   | Killed Donald
 36283 | Swamp:1  | Found a runed translucent door.
 36286 | Swamp:1  | Noticed a tentacled monstrosity
 36287 | Swamp:1  | Noticed rupin's ghost (journeyman OpDe)
 36583 | Swamp:1  | Reached skill level 5 in Evocations
 36603 | Swamp:1  | Upgraded the game from 0.27-a0-419-g7a85846853 to
                  | 0.27-a0-445-gbe96e517c0
 37380 | Swamp:2  | Gained mutation: You resist negative energy. (rN+) [demonic
                  | ancestry]
 37380 | Swamp:2  | Reached XP level 18. HP: 116/138 MP: 30/30
 37515 | Swamp:2  | Paralysed by a hornet for 2 turns
 38875 | Swamp:3  | Noticed Kirke
 39198 | Swamp:3  | Killed Kirke
 39530 | Swamp:3  | Reached skill level 10 in Dodging
 39760 | Swamp:3  | Found a runed translucent door.
 39760 | Swamp:3  | Noticed Xylaz's ghost (adept GrFi)
 40157 | Swamp:4  | Entered Level 4 of the Swamp
 40453 | Swamp:4  | Noticed Louise
 40474 | Swamp:4  | Killed Louise
 41643 | Swamp:4  | Got a decaying rune of Zot
 41906 | Vaults:1 | Entered Level 1 of the Vaults
 42058 | Vaults:1 | Found a magical portal.
 42067 | WizLab   | Entered The Roulette of Golubria
 42067 | WizLab   | Found a transporter.
 42075 | WizLab   | Found a corrupted altar of Lugonu.
 42279 | WizLab   | Found a transporter.
 42310 | WizLab   | Found a transporter.
 42320 | WizLab   | Found a transporter.
 42329 | WizLab   | Found a transporter.
 42423 | WizLab   | Found a transporter.
 42458 | WizLab   | Found a transporter.
 42694 | WizLab   | Found a transporter.
 42694 | WizLab   | Found a transporter.
 42769 | WizLab   | Found a transporter.
 42923 | WizLab   | Found a transporter.
 43014 | WizLab   | Identified the +2 cloak of the Spheres {*Slow rF+ Dex+4
                  | Stlth+}
 43019 | WizLab   | Identified the -5 cloak of Luibuar {+Blink rN+}
 43048 | WizLab   | Identified the +3 cloak of the Evening Star {rElec Dex+6}
 43082 | WizLab   | Identified the Incunabulum of Dislocation
 43116 | WizLab   | Found a transporter.
 43145 | WizLab   | Learned a level 4 spell: Manifold Assault
 43187 | WizLab   | Found a transporter.
 43187 | WizLab   | Found a transporter.
 43226 | WizLab   | Found a transporter.
 43226 | WizLab   | Found a transporter.
 43228 | WizLab   | Found a corrupted altar of Lugonu.
 43242 | WizLab   | Reached skill level 10 in Necromancy
 43242 | WizLab   | Gained mutation: You are somewhat able to resist unholy
                  | torments (1 in 2 success). [demonic ancestry]
 43242 | WizLab   | Reached XP level 19. HP: 138/145 MP: 32/32
 43260 | WizLab   | Found a transporter.
 43268 | WizLab   | Found a transporter.
 43314 | WizLab   | Found a transporter.
 43314 | WizLab   | Found a transporter.
 43329 | WizLab   | Reached skill level 1 in Translocations
 43894 | Vaults:1 | Paralysed by a great orb of eyes for 3 turns
 44949 | Vaults:2 | Reached skill level 15 in Shields
 45491 | Vaults:2 | Noticed Sojobo
 45505 | Vaults:2 | Killed Sojobo
 46376 | Vaults:2 | Found a staircase to the Crypt.
 46473 | Vaults:2 | Noticed Frederick
 46486 | Vaults:2 | Killed Frederick
 46487 | Vaults:2 | Reached skill level 10 in Spellcasting
 46845 | Vaults:3 | Reached XP level 20. HP: 146/153 MP: 34/34
 47231 | Vaults:3 | Reached skill level 5 in Translocations
 47243 | Vaults:3 | Paralysed by something for 3 turns
 48710 | Vaults:4 | Found a huge runed gate.
 48710 | Vaults:4 | Found a huge runed gate.
 48710 | Vaults:4 | Found a huge runed gate.
 48710 | Vaults:4 | Found a huge runed gate.
 48713 | Vaults:4 | Found a huge runed gate.
 48714 | Vaults:4 | Found a huge runed gate.
 48715 | Vaults:4 | Found a huge runed gate.
 48715 | Vaults:4 | Found a huge runed gate.
 48716 | Vaults:4 | Found a huge runed gate.
 48716 | Vaults:4 | Found a huge runed gate.
 48723 | Vaults:4 | Found a huge runed gate.
 48723 | Vaults:4 | Found a huge runed gate.
 48723 | Vaults:4 | Found a huge runed gate.
 48723 | Vaults:4 | Found a huge runed gate.
 48723 | Vaults:4 | Found a huge runed gate.
 48723 | Vaults:4 | Found a huge runed gate.
 48724 | Vaults:4 | Found a huge runed gate.
 48725 | Vaults:4 | Found a huge runed gate.
 48726 | Vaults:4 | Found a huge runed gate.
 48734 | Vaults:4 | Found a huge runed gate.
 48734 | Vaults:4 | Found a huge runed gate.
 48734 | Vaults:4 | Found a huge runed gate.
 48734 | Vaults:4 | Found a huge runed gate.
 48734 | Vaults:4 | Found a huge runed gate.
 48734 | Vaults:4 | Found a huge runed gate.
 48735 | Vaults:4 | Found a huge runed gate.
 48840 | Vaults:4 | Paralysed by an ogre mage for 2 turns
 49751 | Vaults:4 | Found a huge runed gate.
 49752 | Vaults:4 | Found a huge runed gate.
 49760 | Vaults:4 | Found a huge runed gate.
 49760 | Vaults:4 | Found a huge runed gate.
 49760 | Vaults:4 | Found a huge runed gate.
 49760 | Vaults:4 | Found a huge runed gate.
 49760 | Vaults:4 | Found a huge runed gate.
 49760 | Vaults:4 | Found a huge runed gate.
 49761 | Vaults:4 | Found a huge runed gate.
 49762 | Vaults:4 | Found a huge runed gate.
 50453 | Vaults:4 | Found a runed translucent gate.
 50453 | Vaults:4 | Found a runed translucent gate.
 50453 | Vaults:4 | Found a runed translucent gate.
 50455 | Vaults:4 | Noticed Qeott's ghost (adept GnCj)
 50455 | Vaults:4 | Noticed Lel Raxe's ghost (adept MiFi)
 50455 | Vaults:4 | Noticed Jihiargh's ghost (adept HOFi)
 50544 | Vaults:4 | Reached XP level 21. HP: 26/160 MP: 19/35
 50544 | Vaults:4 | HP: 5/160 [tentacled monstrosity (9)]
 51354 | Vaults:4 | Identified the ring of Ganaod {Wiz rC+ MP+9}
 51722 | Elf:1    | Entered Level 1 of the Elven Halls
 51778 | Elf:1    | You fall into a shaft and drop 1 floor!
 51821 | Elf:2    | Found a runed translucent gate.
 51821 | Elf:2    | Found a runed translucent gate.
 51821 | Elf:2    | Found a runed translucent gate.
 51939 | Elf:2    | Found a ruined gateway.
 51948 | Desolati | Entered the Desolation of Salt
 52158 | Desolati | Reached skill level 16 in Shields
 52308 | Desolati | Identified the +9 plate armour of Beastly Liberty {Harm
                  | rPois Dex-4}
 52448 | Desolati | Identified Wuiphiwk's Volume of Transmigration and Earth
 52461 | Desolati | Identified the Reference Book on Vitriolic Displacement
 52466 | Desolati | Identified Sif Muna's Grimoire of the Voyage
 53703 | Desolati | Found the +3 salamander hide armour {Flames rF++ rC--}
 53841 | Desolati | Identified Mill's Almanac of Transmutation and Venom
 53849 | Desolati | Identified the +8 spear of Sipnenk {vorpal, *Noise Int+2
                  | Dex+3 Stlth+}
 53850 | Desolati | Identified the amulet of Polytheism {Faith +Inv Str+4}
 54429 | Desolati | Found the +3 pair of gauntlets of War {Slay+5}
 54462 | Desolati | Identified the +3 hand crossbow of Ashenzari's Hatred
                  | {elec, rF++ rC+ Str+3 Int-3}
 54688 | Elf:2    | Reached skill level 10 in Transmutations
 54817 | Elf:2    | Reached skill level 15 in Invocations
 55825 | Elf:1    | Reached XP level 22. HP: 167/169 MP: 37/37
 55882 | Elf:1    | Cast into level 2 of the Abyss (a deep elf sorcerer)
 56136 | Abyss:2  | Paralysed by accursed screaming for 1 turns
 56137 | Abyss:2  | Gained mutation: Scrolls take you a little longer to read.
                  | [a neqoxec]
 56456 | Abyss:2  | Found a corrupted altar of Lugonu.
 56492 | Abyss:2  | Noticed an ancient lich
 56511 | Abyss:2  | Killed an ancient lich
 56516 | Elf:1    | Escaped the Abyss
 56729 | Elf:1    | Lost mutation: Scrolls take you a little longer to read.
                  | [potion of mutation]
 56729 | Elf:1    | Gained mutation: You are strong-willed. (Will+) [potion of
                  | mutation]
 56729 | Elf:1    | Gained mutation: You are agile. (Dex +2) [potion of
                  | mutation]
 56729 | Elf:1    | Gained mutation: You are highly strong-willed. (Will++)
                  | [potion of mutation]
 56729 | Elf:1    | Gained mutation: Your system is resistant to poisons.
                  | (rPois) [potion of mutation]
 57267 | Elf:3    | Entered Level 3 of the Elven Halls
 57276 | Elf:3    | Identified the +1 ring mail of Mustris {Int+3}
 58551 | Elf:3    | Identified the ring of Yllug {+Blink rCorr Str-2 Stlth+}
 58728 | Elf:3    | Identified the +2 demon blade of Harmony {venom, Str+2
                  | Int+5}
 58767 | Elf:3    | Identified the +3 scimitar "Lilu" {speed, Will++ Int-3
                  | Dex+3}
 58773 | Elf:3    | Identified the +1 robe "Luar Atu" {Harm rElec Int+5}
 58773 | Elf:3    | Identified the ring of Atih {Ice Str+4 Slay+2}
 59121 | Depths:1 | Entered Level 1 of the Depths
 59153 | Depths:1 | Reached skill level 10 in Translocations
 60277 | Depths:1 | Found a gateway to Hell.
 60286 | Depths:1 | Identified the +3 demon blade of Nusewkoc {flame, rC+ Int+3
                  | Dex+2}
 61298 | Depths:2 | Reached XP level 23. HP: 73/177 MP: 17/39
 62114 | Depths:2 | You fall into a shaft and drop 1 floor!
 63377 | Depths:2 | Noticed a juggernaut
 63525 | Depths:2 | Found a transporter.
 63532 | Depths:2 | Found a transporter.
 63834 | Depths:3 | Reached skill level 10 in Armour
 63971 | Depths:3 | Reached skill level 10 in Air Magic
 64600 | Depths:3 | Found a gateway to a ziggurat.
 64615 | Depths:3 | Found a one-way gate leading to the halls of Pandemonium.
 64717 | Depths:3 | Noticed a caustic shrike
 64722 | Depths:3 | Killed a caustic shrike
 66259 | Depths:4 | Found a one-way gate to the infinite horrors of the Abyss.
 67058 | Depths:4 | Gained mutation: A meltable icy envelope protects you from
                  | harm. (AC +8) [demonic ancestry]
 67058 | Depths:4 | Reached XP level 24. HP: 101/186 MP: 12/40
 67409 | Depths:4 | Found a large runed translucent door.
 67412 | Depths:4 | Found a large runed translucent door.
 67413 | Depths:4 | Found a large runed translucent door.
 67414 | Depths:4 | Found a large runed translucent door.
 67414 | Depths:4 | Noticed a juggernaut
 67434 | Depths:4 | Found a large runed translucent door.
 67434 | Depths:4 | Found a large runed translucent door.
 67437 | Depths:4 | Found a large runed translucent door.
 67437 | Depths:4 | Found a large runed translucent door.
 67970 | Depths:4 | Killed a juggernaut
 67989 | Depths:4 | Identified the amulet "Agyirgh" {Acrobat Slay+2}
 68063 | Depths:5 | Entered Level 5 of the Depths
 68211 | Depths:5 | Found Zuicsakeh's Armour Shop.
 69089 | Depths:5 | Found a gate to the Realm of Zot.
 69820 | Crypt:1  | Entered Level 1 of the Crypt
 71112 | Crypt:2  | Acquired 761 gold pieces
 71417 | Crypt:2  | Reached XP level 25. HP: 65/193 MP: 18/41
 71431 | Crypt:2  | Reached skill level 15 in Fighting
 71988 | Crypt:3  | Entered Level 3 of the Crypt
 72009 | Crypt:3  | Reached skill level 17 in Shields
 72752 | Crypt:3  | Identified the ring "Bastitut" {rF+ rN+}
 72761 | Crypt:3  | Reached skill level 15 in Long Blades
 73616 | Crypt:3  | Noticed an ancient lich
 73616 | Crypt:3  | Noticed an ancient lich
 73624 | Crypt:3  | Killed an ancient lich
 73625 | Crypt:3  | Reached skill level 15 in Spellcasting
 73629 | Crypt:3  | Killed an ancient lich
 73714 | Crypt:3  | Identified the ring of Ogeova Tabb {rPois rC- rN+ Will++
                  | Stlth-}
 73929 | Vaults:5 | Entered Level 5 of the Vaults
 73939 | Vaults:5 | Reached skill level 15 in Necromancy
 73959 | Vaults:5 | Identified the ring "Xalunkub" {rElec MP+9 Int+4 Dex-5}
 74390 | Vaults:5 | Identified the +7 arbalest of Innocence {flame, *Contam
                  | rElec rN++ Int+4}
 74567 | Vaults:5 | Gained mutation: You frequently emit foul miasma when
                  | damaged in melee. [demonic ancestry]
 74567 | Vaults:5 | Reached XP level 26. HP: 203/203 MP: 42/42
 74801 | Vaults:5 | Noticed Saint Roka
 74818 | Vaults:5 | Killed Saint Roka
 75282 | Vaults:5 | Identified Rasi's Grimoire of Scorching Envenoming
 75330 | Vaults:5 | Noticed an ancient lich
 75344 | Vaults:5 | Killed an ancient lich
 75570 | Vaults:5 | Found Forer's Magic Scroll Shoppe.
 75578 | Vaults:5 | Bought a scroll of magic mapping for 70 gold pieces
 75578 | Vaults:5 | Bought a scroll of summoning for 190 gold pieces
 75663 | Vaults:5 | Found Awnethyr's Distillery.
 75668 | Vaults:5 | Bought a potion of heal wounds for 110 gold pieces
 75668 | Vaults:5 | Bought a potion of curing for 66 gold pieces
 75716 | Vaults:5 | Got a silver rune of Zot
 75757 | Vaults:5 | Identified Byrung's Guide on Burning Unholy Rituals
 75882 | Vaults:5 | Noticed an ancient lich
 75897 | Vaults:5 | Killed an ancient lich
 76949 | Hell     | Entered the Vestibule of Hell
 76949 | Hell     | Noticed Geryon
 76967 | Hell     | Killed Geryon
 76994 | Hell     | Noticed an ancient lich
 77001 | Hell     | Killed an ancient lich
 77240 | Hell     | Found a gateway to the Iron City of Dis.
 77599 | Hell     | Found a gateway to the freezing wastes of Cocytus.
 77927 | Hell     | Found a gateway to the decaying netherworld of Tartarus.
 78148 | Hell     | Found a gateway to the ashen valley of Gehenna.
 78432 | Depths:2 | Killed a juggernaut
 78437 | Depths:2 | Found a runed translucent door.
 78437 | Depths:2 | Found a bloodstained altar of Trog.
 78438 | Depths:2 | Found the +8 Wrath of Trog {antimagic, *Rage}
 78508 | Depths:2 | Identified the +0 glaive of Oviel {vorpal, rC- rN+ Will++
                  | Int+3}
 78715 | Zot:1    | Entered Level 1 of the Realm of Zot
 79264 | Zot:1    | Gained mutation: Your melee attacks may debilitate your
                  | foes. [demonic ancestry]
 79264 | Zot:1    | Reached XP level 27. HP: 149/212 MP: 9/43
 79299 | Zot:1    | Reached skill level 18 in Shields
 79656 | Zot:1    | Reached skill level 15 in Dodging
 80028 | Zot:1    | Noticed an orb of fire
 80035 | Zot:1    | Killed an orb of fire
 80477 | Zot:2    | Reached skill level 10 in Evocations
 82923 | Zot:3    | Identified the +0 scale mail "Hero's Friend" {Will+}
 84387 | Zot:4    | Noticed a dread lich
 84395 | Zot:4    | Killed a dread lich
 84546 | Zot:4    | Noticed an orb of fire
 84576 | Zot:4    | Killed an orb of fire
 84923 | Zot:4    | Identified the +3 morningstar of Moynueg {freeze, rC+ rN+}
 85735 | Zot:5    | Entered Level 5 of the Realm of Zot
 86173 | Zot:5    | Noticed an orb of fire
 86182 | Zot:5    | Killed an orb of fire
 87522 | Slime:1  | Entered Level 1 of the Pits of Slime
 87539 | Slime:1  | Reached skill level 15 in Transmutations
 88681 | Slime:2  | Noticed Dissolution
 88686 | Slime:2  | Paralysed by a floating eye for 2 turns
 88693 | Slime:2  | Killed Dissolution
 88742 | Slime:2  | Found a viscous altar of Jiyva.
 89210 | Slime:3  | Gained mutation: Your body sometimes deteriorates upon
                  | taking damage. [a shining eye]
 90670 | Slime:5  | Entered Level 5 of the Pits of Slime
 92367 | Slime:5  | Noticed the Royal Jelly
 94620 | Slime:5  | Killed the Royal Jelly
 94621 | Slime:5  | Reached skill level 19 in Shields
 94643 | Slime:5  | HP: 7/217 [acid blob/splash of acid (8)]
 94643 | Slime:5  | Splashed by an acid blob's acid

Illustrated notes

Levels and vault maps discovered:
D:1:      dpeg_arrival_castle, layout_rooms, chequers_serial_rivers_marsh,
          fountainhead
D:2:      layout_rooms, lemuel_blue_sif_altar,
          hangedman_abyss_or_decor_lesser_grid, minmay_misc_feat_rows
D:3:      layout_basic, old_standard_altar, lemuel_doored_altar,
          grunt_temple_overflow_open
D:4:      layout_basic, cheibrodos_sewer_entry_drain, gammafunk_ghost_grave,
          uniq_blork_the_orc
D:5:      layout_basic, uniq_duvessa
D:6:      layout_cave_pools, temple_doors_ab
D:7:      layout_basic, kennysheep_okawaru_gauntlet, lemuel_altar_in_water,
          uniq_joseph
D:8:      layout_loops_ring, nicolae_tso_swordbearing_angel,
          nicolae_overflow_hidden_temple
D:9:      layout_basic, chequers_serial_rivers_room_a
D:10:     layout_roguey, lair_entry_dummy, minmay_holes, minmay_circle_x
D:11:     layout_roguey
D:12:     layout_loops_ring, minmay_orc_entry_guard_dogs, serial_shops, shop,
          laboratory, uniq_snorg
D:13:     layout_irregular_city, lightli_vaults_fourway_checkpoint
D:14:     layout_rooms, roderic_filled_cross, serial_shops, nicolae_shop_trees,
          ebering_ghost_disaster_area, serial_ice, serial_ice_k, serial_ice_b,
          serial_ice_g, serial_ice_n, serial_ice_m, serial_ice_d,
          portal_ice_cave_entry_pillars_2, eino_jars
D:15:     grunt_enter_depths_snipers, layout_cave_pools, nrook_campfire,
          minmay_misc_feat_cross
Temple:   zaba_magenta_temple
Lair:1:   layout_loops_ring
Lair:2:   layout_cave_pods, infiniplex_staircase_pool
Lair:3:   layout_cave_pods
Lair:4:   layout_loops_ring, palyth_hydra_swamp_entry,
          spider_nest_entry_funnel_web
Lair:5:   layout_cave_pods, slime_altar_2, beast_lair_carwin_3,
          grunt_megastairs_1
Lair:6:   minmay_lair_end_frog_pond, layout_regular_city, gauntlet_entry_generic
Swamp:1:  layout_basic_swamp, ebering_ghost_inner_flame,
          evilmike_swamp_ruin_house_1, swamp_pool2, uniq_donald
Swamp:2:  nicolae_swamp_phyte_club, layout_basic_swamp,
          evilmike_swamp_ruin_house_3
Swamp:3:  layout_basic_swamp, gammafunk_ghost_grave,
          nicolae_swamp_feature_on_the_river_bank, swamp_pool3,
          hangedman_swamp_wriggling, uniq_kirke
Swamp:4:  swamp_basic_johnstein, layout_basic_swamp, swamp_pool1, uniq_louise
Spider:1: layout_spider_delve, guppyfry_spider_mini_2, uniq_roxanne
Spider:2: layout_spider_delve, worms_lemuel, uniq_aizul
Spider:3: layout_chambers, nicolae_spider_circle_web
Spider:4: grunt_spider_rune_island, guppyfry_spider_mini_3, uniq_asterion,
          uniq_arachne, uniq_nikola
Slime:1:  layout_caves
Slime:2:  layout_caves, basic_altar, uniq_dissolution
Slime:3:  layout_caves
Slime:4:  layout_caves, nicolae_slime_round_cave
Slime:5
Orc:1:    layout_caves, hangedman_minor_magic, uniq_jorgrun
Orc:2:    st_orc_ogre_mass, layout_caves
Elf:1:    layout_gridlike, hangedman_elf_represent, minivault_8
Elf:2:    layout_loops_ring, portal_desolation_entry_salt
Elf:3:    minmay_elf_hall_dome, layout_geoelf_grid
Vaults:1: nicolae_vaults_angled_halls, vaults_standard_mumra_lines,
          serial_ice_m, v_misc_12, vaults_room_fancy_cross,
          ontoclasm_vaults_ligature, layout_vaults_quadrants, mu_enter_wizlab_3
Vaults:2: st_spiral_rooms, vaults_room_semicircle, ontoclasm_vaults_chip,
          minmay_crypt_entry_nasty_monster, vaults_mumra_minichess_inversion,
          ontoclasm_vaults_hangar, hangedman_vaults_slice, vaults_room_corners,
          ontoclasm_vaults_shuriken, vaults_dpeg_diagonal,
          layout_vaults_chaotic_city, uniq_sojobo, uniq_frederick
Vaults:3: nicolae_vaults_network_quinsquares
          [nicolae_vaults_network_quincunx_subvault,
          nicolae_vaults_network_quincunx_subvault,
          nicolae_vaults_network_quincunx_subvault,
          nicolae_vaults_network_quincunx_subvault], v_misc_14,
          nicolae_vaults_mini_display_case,
          nicolae_vaults_windows_and_doors_thing, v_misc_1,
          nicolae_vaults_stairing_the_circle, ontoclasm_vaults_fault,
          serial_ice_b, vaults_mumra_lcd, v_misc_5, v_misc_23,
          vaults_room_ringed_pool, ontoclasm_vaults_claustrophobia,
          vaults_room_semicircle, grunt_vaults_focal, v_alt_pattern_1,
          vaults_dpeg_cross, layout_vaults_omnibox
Vaults:4: gammafunk_vaults_ghost_cemetery, nicolae_vaults_back_hallway,
          nicolae_vaults_network_star, vaults_room_large_hall,
          vaults_door_vault, nicolae_vaults_network_quincunx
          [nicolae_vaults_network_quincunx_subvault,
          nicolae_vaults_network_quincunx_subvault,
          nicolae_vaults_network_quincunx_subvault,
          nicolae_vaults_network_quincunx_subvault,
          nicolae_vaults_network_quincunx_subvault], vaults_room_octagon,
          grunt_vaults_hallway_long, vaults_dpeg_ring,
          nicolae_vaults_yaktaur_gun_rack, v_misc_25, nicolae_vaults_little_ls,
          vaults_room_pool, layout_vaults_maze_bifur
Vaults:5: uniq_saint_roka
Crypt:1:  layout_chaotic_city, corexii_hall_statues_x, wad_floor_pattern_1,
          grunt_crypt_arrival_split
Crypt:2:  layout_rooms
Crypt:3:  david_glass_crypt, layout_chaotic_city, tomb_entry_pyramid_bobbens,
          minivault_24
Depths:1: layout_gridlike, hellmouth_2, minmay_parallelograms
Depths:2: emtedronai_trogs_sanctum, layout_gridlike, hell_entry,
          hangedman_decor_push, minmay_staircase_windowed_small
Depths:3: minmay_textured_paths, layout_cave_pools, enter_ziggurat_f,
          grunt_hell_entry_dis_grunt, serial_sigils_hangedman_scar, pan_entry,
          minmay_misc_feat_alley
Depths:4: minmay_five_octagons, layout_small_grid, hangedman_abyss_entry_splay,
          pf_coc_iceberg, infiniplex_staircase_spiral
Depths:5: grunt_zot_entry_tricorne, layout_cave_shapes,
          pf_hell_entry_tar_spiral, serial_shops, shop, minmay_misc_feat_rugged,
          serial_bayou_shore_b
Hell
Zot:1:    layout_concentric_octagons, grunt_megastairs_3
Zot:2:    lemuel_acid_trip, layout_concentric_octagons
Zot:3:    layout_onion_interference
Zot:4:    grunt_twist_and_shout, layout_onion_interference,
          hangedman_zot_decor_scrapings, st_small_dragon_hoard_2,
          hangedman_player_shredder
Zot:5:    layout_cathedral_of_symmetry

Skill      XL: |  1  2  3  4  5  6  7  8  9 10 11 12 13 14 15 16 17 18 19 20 21 22 23 24 25 26 27 |
---------------+----------------------------------------------------------------------------------+-----
Long Blades    | 2 4 5 6 7 8 9 10 11 12 13 14 15 16 | 16.4
Armour         | 3 4 5 6 7 8 9 10 13 | 13.2
Shields        | 3 4 6 7 8 9 10 11 12 13 14 15 16 17 19 | 19.0
Maces & Flails | 1 2 |  2.9
Dodging        | 1 2 3 4 5 6 7 8 9 10 11 12 13 14 15 | 15.9
Fighting       | 4 5 6 7 8 9 10 11 12 13 14 15 16 17 | 17.8
Short Blades   | 1 2 3 4 5 6 |  6.5
Crossbows      | 3 |  3.3
Stealth        | 1 2 3 |  3.0
Invocations    | 2 5 6 8 10 12 13 14 15 16 | 16.3
Spellcasting   | 2 4 5 6 7 8 9 10 11 12 13 14 15 16 18 | 18.1
Evocations     | 1 2 3 5 6 7 8 9 10 | 10.6
Necromancy     | 3 5 6 7 8 9 10 11 12 13 14 15 16 18 | 18.0
Transmutations | 2 4 5 6 7 8 9 10 11 12 13 15 | 15.5
Air Magic      | 1 4 5 6 7 8 9 10 | 10.8
Throwing       | 1 |  1.5
Translocations | 4 6 8 10 11 12 13 | 13.9
Staves         | |  0.7

Action                   |  1- 3 |  4- 6 |  7- 9 | 10-12 | 13-15 | 16-18 | 19-21 | 22-24 | 25-27 || total
-------------------------+-------+-------+-------+-------+-------+-------+-------+-------+-------++-------
Melee: Long sword        |    11 |       |       |       |       |       |       |       |       ||    11
       Whip              |   104 |   240 |    12 |       |       |       |       |       |       ||   356
       Kick              |       |    56 |   154 |   361 |   746 |   798 |   866 |   406 |   689 ||  4076
       Dagger            |       |       |   375 |   528 |   428 |   295 |    29 |       |       ||  1655
       Scimitar          |       |       |     1 |    65 |   734 |   986 |   917 |       |       ||  2703
       Staff             |       |       |       |       |       |    26 |       |       |       ||    26
       Unarmed           |       |       |       |       |       |     3 |       |       |       ||     3
       Double sword      |       |       |       |       |       |       |   387 |  1312 |  1560 ||  3259
 Fire: Hand crossbow     |       |       |    46 |     1 |       |       |       |       |       ||    47
Throw: Dart              |       |       |       |     6 |    12 |    48 |       |       |    10 ||    76
 Cast: Airstrike         |       |       |       |       |       |       |    23 |   104 |    72 ||   199
       Manifold Assault  |       |       |       |       |       |       |    18 |   290 |   246 ||   554
Invok: Slouch            |       |       |       |     4 |    16 |    21 |    20 |    13 |    20 ||    94
       Step From Time    |       |       |       |       |       |     1 |       |       |     1 ||     2
Evoke: Wand              |       |       |     3 |     4 |    16 |   117 |    25 |    22 |   107 ||   294
       Condenser vane    |       |       |       |     1 |     1 |     3 |     3 |     3 |     8 ||    19
       Staff of Olgreb   |       |       |       |       |       |    21 |       |       |       ||    21
       Phantom mirror    |       |       |       |       |       |     1 |     1 |     2 |     1 ||     5
       Tin of tremorston |       |       |       |       |       |     1 |     6 |     6 |    23 ||    36
       Box of beasts     |       |       |       |       |       |       |       |     1 |    12 ||    13
       Horn of Geryon    |       |       |       |       |       |       |       |       |     9 ||     9
  Use: Scroll            |       |     1 |       |    10 |    16 |    15 |    15 |    11 |    12 ||    80
       Potion            |       |       |       |       |     3 |     5 |     2 |     4 |    11 ||    25
 Stab: Confused          |       |       |       |       |       |     2 |       |       |       ||     2
       Distracted        |       |       |       |       |       |       |       |       |     4 ||     4
Armor: Scale mail        |    55 |    41 |    13 |     9 |   160 |    88 |       |       |       ||   366
       Ring mail         |       |       |    39 |       |       |       |       |       |       ||    39
       Chain mail        |       |       |    17 |    62 |       |       |       |       |       ||    79
       Plate armour      |       |       |       |       |       |   380 |   345 |   109 |       ||   834
       Leather armour    |       |       |       |       |       |       |     1 |       |       ||     1
       Gold dragon scale |       |       |       |       |       |       |       |    78 |   321 ||   399
Dodge: Dodged            |    39 |    45 |    85 |    90 |   367 |   510 |   495 |   354 |   463 ||  2448
Block: Kite shield       |    52 |   185 |   396 |   362 |       |       |       |       |       ||   995
       Reflection        |       |    22 |     8 |    10 |    39 |    46 |   188 |    98 |    61 ||   472
       Tower shield      |       |       |       |   350 |  1926 |  2595 |  2363 |  1308 |  1749 || 10291
       Rpst.: Long sword |     1 |       |       |       |       |       |       |       |       ||     1
       Scimitar          |       |       |       |     2 |    55 |    56 |    46 |       |       ||   159
       Double sword      |       |       |       |       |       |       |    34 |    39 |    56 ||   129

Table legend: (Time is in decaauts)
 A = Elapsed time spent in this place.
 B = Non-inter-level travel time spent in this place.
 C = Inter-level travel time spent in this place.
 D = Time resting spent in this place.
 E = Time spent auto-exploring this place.
 F = Levels seen in this place.
 G = Mean time per level.
                   A        B        C        D        E       F      G
               +--------+--------+--------+--------+--------+-----+--------+
         Total | 132590 | 122886 |   9704 |  15027 |  86925 |  65 | 2039.8 |
       Dungeon |  21889 |  20412 |   1477 |   2925 |  13932 |  15 | 1459.3 |
        Temple |     79 |     60 |     19 |      0 |     54 |   1 |   79.0 |
          Lair |  13028 |  11079 |   1949 |    345 |   9397 |   6 | 2171.3 |
         Swamp |   8056 |   7926 |    130 |    493 |   6242 |   4 | 2014.0 |
   Spider Nest |   8101 |   7694 |    407 |    800 |   5398 |   4 | 2025.2 |
    Slime Pits |   9104 |   8668 |    436 |   4043 |   3762 |   5 | 1820.8 |
  Orcish Mines |   2982 |   2723 |    259 |      0 |   2127 |   2 | 1491.0 |
   Elven Halls |   6088 |   5667 |    421 |    100 |   4220 |   3 | 2029.3 |
        Vaults |  17987 |  15741 |   2246 |    962 |  12038 |   5 | 3597.4 |
         Crypt |   5747 |   5516 |    231 |    213 |   4595 |   3 | 1915.7 |
        Depths |  15398 |  13695 |   1703 |   2412 |   9317 |   5 | 3079.6 |
          Hell |   1586 |   1554 |     32 |      0 |   1221 |   1 | 1586.0 |
           Zot |  11489 |  11100 |    389 |    989 |   8904 |   5 | 2297.8 |
         Abyss |    792 |    792 |      0 |      0 |    551 |   1 |  792.0 |
         Sewer |   1253 |   1253 |      0 |      0 |    888 |   1 | 1253.0 |
      Ice Cave |   2195 |   2195 |      0 |    834 |    681 |   1 | 2195.0 |
        Wizlab |   2089 |   2089 |      0 |      0 |   1140 |   1 | 2089.0 |
    Desolation |   3256 |   3256 |      0 |    658 |   1766 |   1 | 3256.0 |
      Gauntlet |   1464 |   1464 |      0 |    247 |    685 |   1 | 1464.0 |
               +--------+--------+--------+--------+--------+-----+--------+

Top non-repeatable levels by time:
 Slime:4: 4151 daAuts
Vaults:4: 4042 daAuts
Depths:2: 4011 daAuts
Vaults:3: 3614 daAuts
Vaults:5: 3547 daAuts
    D:12: 3469 daAuts
Vaults:2: 3463 daAuts
   Zot:4: 3385 daAuts
Vaults:1: 3318 daAuts
Depths:3: 3270 daAuts
Desolation: 3256 daAuts
Depths:4: 3253 daAuts
  Lair:4: 3212 daAuts
Spider:3: 2995 daAuts
Depths:1: 2971 daAuts
